 Dungeon Crawl Stone Soup version 0.29-a0-371-g91724d5b39 (webtiles) character file.

Game seed: 11763158127546234673

7383 NinjaNoafa the Covert (level 11, -28/57 HPs)
             Began as a Kobold Hunter on May 2, 2022.
             Was an Elder of Hepliaklqana.
             Killed by an exploding eight-headed hydra (42 damage)
             ... ignited by their inner flame
             ... on level 11 of the Dungeon.
             The game lasted 00:27:11 (10244 turns).

NinjaNoafa the Covert (Kobold Hunter)              Turns: 10244, Time: 00:27:12

Health: -28/57     AC: 12    Str:  8    XL:     11   Next: 36%
Magic:  16/16      EV: 22    Int: 10    God:    Hepliaklqana [****..]
Gold:   647        SH:  0    Dex: 24    Spells: 10/10 levels left

rFire   . . .      SeeInvis +   a - +1 hand crossbow (venom)
rCold   + . .      Faith    +   I - orb {light}
rNeg    . . .      Spirit   .   b - +0 troll leather armour {Pargi}
rPois   .          Reflect  .   w - +1 hat of the Unbroken {Harm rC+}
rElec   .          Harm     +   A - +0 cloak
rCorr   +          Rampage  .   z - +2 pair of gloves
Will    .....                   x - +2 pair of boots
Stlth   +++.......              g - amulet of faith
HPRegen 0.99/turn               l - ring of see invisible
MPRegen 0.15/turn               i - ring of resist corrosion

@: glowing
A: reduced essence, small, no large weapons, nightstalker 3, claws 1, fangs 1,
sturdy frame 1
a: Renounce Religion, Recall Ancestor, Ancestor Identity, Transference, Idealise


You were on level 11 of the Dungeon.
You worshipped Hepliaklqana.
Hepliaklqana was greatly pleased with you.
You visited 2 branches of the dungeon, and saw 12 of its levels.
You also visited: Sewer.

You collected 647 gold pieces.

Inventory:

Hand Weapons
 a - a +1 hand crossbow of venom (weapon)
 e - a +1 short sword of venom
Missiles
 d - 9 poisoned darts
 f - 344 stones
 r - 3 boomerangs
 s - 2 throwing nets
Armour
 b - a +0 troll leather armour (worn) {Pargi}
 w - the +1 hat of the Unbroken (worn) {Harm rC+}
   (You found it on level 5 of the Dungeon)

   rC:        It protects you from cold.
   Harm:      It increases damage dealt and taken.
 x - a +2 pair of boots (worn)
 z - a +2 pair of gloves (worn)
 A - a +0 cloak (worn)
 I - an orb of light (worn)
Jewellery
 g - an amulet of faith (around neck)
 i - a ring of resist corrosion (right hand)
 l - a ring of see invisible (left hand)
 C - a +6 ring of intelligence
Wands
 h - a wand of iceblast (2)
 u - a wand of charming (7)
 v - a wand of paralysis (5)
 J - a wand of polymorph (6)
Scrolls
 c - 5 scrolls of immolation
 k - 2 scrolls of torment
 m - 2 scrolls of noise
 n - a scroll of magic mapping
 o - 4 scrolls of blinking
 p - 2 scrolls of vulnerability
 t - 3 scrolls of fog
 y - 4 scrolls of teleportation
 G - a scroll of summoning
 H - a scroll of fear
Potions
 q - a potion of curing
 B - a potion of flight
 E - a potion of cancellation
 K - a potion of invisibility


   Skills:
 + Level 5.9 Fighting
 + Level 5.9 Short Blades
 + Level 9.7 Crossbows
 - Level 3.0 Armour
 + Level 8.7 Dodging
 + Level 10.0 Stealth
 + Level 7.8 Invocations
 - Level 7.0 Evocations


You had 10 spell levels left.
You didn't know any spells.
Your spell library contained the following spells:

 Spells                   Type           Power      Damage    Failure   Level
 Freeze                   Ice            0%         1d3       38%         1
 Frozen Ramparts          Ice            0%         1d2       77%         3
 Ozocubu's Armour         Ice            0%         N/A       77%         3
 Tukima's Dance           Hex            0%         N/A       77%         3
 Hailstorm                Conj/Ice       0%         3d3       99%         4
 Passage of Golubria      Tloc           0%         N/A       99%         4
 Metabolic Englaciation   Hex/Ice        0%         N/A       100%        5
 Yara's Violent Unravell  Hex/Tmut       0%         3d3       100%        5
 Simulacrum               Ice/Necr       0%         N/A       100%        6


Dungeon Overview and Level Annotations

Branches:
Dungeon (11/15)            Temple (1/1) D:4            Lair (0/6) D:9
  Sewer (visited)
    Orc: D:9-12

Altars:
Ashenzari
Cheibriados
Dithmenos
Elyvilon
Fedhas
Gozag
Hepliaklqana
Kikubaaqudgha
Makhleb
Nemelex Xobeh
Okawaru
Qazlal
Ru
Sif Muna
Trog
Uskayaw
Vehumet
Wu Jian
Xom
Yredelemnul
Zin
The Shining One

Shops:
D:2 *   D:8 (

Annotations:
D:3 1 transporter, sammy202020's ghost, amateur DsBe
D:5 1 runed translucent door, Crazy Yiuf


Innate Abilities, Weirdness & Mutations

Your life essence is reduced to manifest your ancestor. (-10% HP)
You are small and have problems with some larger weapons.
You are completely attuned to the shadows.
You have sharp fingernails.
You have very sharp teeth.
Your movements are slightly less encumbered by armour. (ER -2)


Message History

Okay, then.
Unknown command.
Okay, then.
Really read the scroll of immolation?
As you read the scroll of immolation, it crumbles to dust.
The creatures around you are filled with an inner flame!
Shoot: a) +1 hand crossbow (venom)
Press: ? - help, Q - select action, (/) - cycle Shift-Dir - straight line, f - eight-headed hydra
Aim: an eight-headed hydra (inner flame, not watching you, haloed, 97% to hit)
You shoot a bolt. The bolt hits the eight-headed hydra!
Flame seeps out of the eight-headed hydra.
The eight-headed hydra is poisoned.
The eight-headed hydra is lightly wounded.
The eight-headed hydra is engulfed in blazing flames.
Flame seeps out of the eight-headed hydra.
Shoot: a) +1 hand crossbow (venom)
Press: ? - help, Q - select action, (/) - cycle Shift-Dir - straight line, f/p - eight-headed hydra
Aim: an eight-headed hydra (moderately wounded, inner flame, very poisoned, ally target, haloed, 97% to hit)
You shoot a bolt. The bolt hits the eight-headed hydra!
Flame seeps out of the eight-headed hydra.
The eight-headed hydra is heavily wounded.
Flame seeps out of the eight-headed hydra.
The eight-headed hydra is engulfed in blazing flames.
Flame seeps out of the eight-headed hydra.
The eight-headed hydra bites Torinski but does no damage. x2
Torinski blocks the eight-headed hydra's attack.
The eight-headed hydra bites Torinski but does no damage.
The eight-headed hydra bites Torinski!
Flame seeps out of Torinski.
The eight-headed hydra bites Torinski!
Flame seeps out of Torinski.
The eight-headed hydra bites Torinski!
Flame seeps out of Torinski.
The eight-headed hydra bites Torinski!
Torinski the knight explodes!
The fiery explosion engulfs you!!!
Ouch! That really hurt!
* * * LOW HITPOINT WARNING * * *
The fiery explosion engulfs the eight-headed hydra!!!
The eight-headed hydra explodes!
The fiery explosion engulfs you!!
Ouch! That really hurt!
You die...

.#.[.#...^'....#...##...#
###'##....#....##..##...#
#..†.^....#....##..##...#
+.........#DR......<....#
#.....†...+.............
..........#........###+#
.....######........##
.....'....#.....§§§○.
.....#....'.....@§○§.
....[###.############
##.... #.##..# #...
#.....# #.....# #######


There were no monsters in sight!

Vanquished Creatures
  A hydra (D:11)
  A two-headed ogre (D:11)
  Maggie (D:9)
  3 yaks
  Eustachio (D:4)
  A steam dragon (D:10)
  Grum (D:11)
  Pargi (D:4)
  A sky beast (D:7)
  3 centaurs
  2 wolves (D:11)
  2 phantoms
  Blork the orc (D:4)
  3 bullfrogs
  3 scorpions
  8 killer bees
  A jelly (D:5)
  2 hounds
  An orc priest (D:5)
  2 gnoll shamans (D:7)
  3 iguanas
  3 orc wizards (D:9)
  A hell rat (D:9)
  12 gnolls
  11 adders
  2 worms
  2 dart slugs
  15 orcs
  5 bats
  12 endoplasms
  6 giant cockroaches
  13 goblins
  8 hobgoblins
  8 jackals
  6 quokkas
  8 ball pythons
  8 frilled lizards
  11 kobolds
  10 rats
183 creatures vanquished.

Vanquished Creatures (collateral kills)
  Pikel (D:8)
  A manticore (D:11)
  2 trolls
  A slime creature (D:7)
  A shadow (D:10)
  3 yaks
  2 wyverns (D:11)
  A wraith (D:10)
  2 steam dragons
  Duvessa (D:7)
  2 water moccasins
  A black bear (D:7)
  An ogre (D:7)
  A scorpion (D:5)
  Dowan (D:7)
  A killer bee (D:10)
  A hound (D:6)
  An iguana (D:5)
  An orc wizard (D:5)
  6 gnolls (D:7)
  An adder (D:5)
  2 ufetubi (D:5)
  2 orcs (D:7)
  A quokka (D:9)
  A kobold (Sewer)
38 creatures vanquished.

Vanquished Creatures (others)
  3 knights
  An ancestor (D:5)
  4 plants (D:2)
8 creatures vanquished.

Grand Total: 229 creatures vanquished

Notes
Turn   | Place    | Note
-------+----------+-------------------------------------------
     0 | D:1      | NinjaNoafa the Kobold Hunter began the quest for the Orb.
     0 | D:1      | Reached XP level 1. HP: 12/12 MP: 1/1
   126 | D:1      | Reached XP level 2. HP: 13/18 MP: 2/2
   132 | D:1      | Reached skill level 2 in Stealth
   565 | D:1      | Reached XP level 3. HP: 22/22 MP: 3/3
  1238 | D:2      | Reached skill level 3 in Stealth
  1238 | D:2      | Reached XP level 4. HP: 21/27 MP: 4/4
  1360 | D:2      | Found Obroashi's General Store.
  1815 | D:2      | Noticed a phantom
  1832 | D:2      | Killed a phantom
  1833 | D:2      | Reached skill level 4 in Stealth
  1833 | D:2      | Reached XP level 5. HP: 7/32 MP: 5/5
  2662 | D:3      | Reached XP level 6. HP: 32/37 MP: 6/6
  3092 | D:3      | Found a transporter.
  3093 | D:3      | Noticed sammy202020's ghost (amateur DsBe)
  3426 | D:4      | Found a staircase to the Ecumenical Temple.
  3440 | Temple   | Entered the Ecumenical Temple
  3732 | Temple   | Became a worshipper of Hepliaklqana the Forgotten
  4201 | D:4      | Noticed Eustachio
  4222 | D:4      | Killed Eustachio
  4223 | D:4      | Reached skill level 5 in Stealth
  4223 | D:4      | Reached XP level 7. HP: 28/42 MP: 7/7
  4363 | D:4      | Noticed Pargi
  4383 | D:4      | Killed Pargi
  4693 | D:4      | Noticed Blork the orc
  5171 | D:4      | Killed Blork the orc
  5172 | D:4      | Reached XP level 8. HP: 14/48 MP: 11/11
  5197 | D:4      | Reached skill level 5 in Invocations
  5325 | D:4      | Reached * piety under Hepliaklqana
  5362 | D:5      | Entered Level 5 of the Dungeon
  5382 | D:5      | Found a runed translucent door.
  5385 | D:5      | Noticed Crazy Yiuf
  5526 | D:5      | Identified the +1 hat of the Unbroken {Harm rC+}
  5696 | D:5      | Reached skill level 5 in Dodging
  6091 | D:6      | Gained mutation: You sometimes lose the ability to read
                  | scrolls when taking damage. [potion of mutation]
  6091 | D:6      | Gained mutation: Your magical capacity is low. (-10% MP)
                  | [potion of mutation]
  6091 | D:6      | Gained mutation: Your magical capacity is very low. (-20%
                  | MP) [potion of mutation]
  6191 | D:6      | Found a glowing drain.
  6196 | Sewer    | Entered a sewer
  6288 | Sewer    | Reached ** piety under Hepliaklqana
  6289 | Sewer    | Remembered your ancestor Torinski as a knight
  6618 | D:6      | Found a bloodstained altar of Trog.
  6869 | D:6      | Reached XP level 9. HP: 46/46 MP: 10/10
  7092 | D:6      | Reached skill level 5 in Evocations
  7482 | D:7      | Found a flagged portal.
  7509 | D:7      | Reached skill level 6 in Stealth
  7575 | D:7      | Reached *** piety under Hepliaklqana
  7718 | D:7      | Reached skill level 1 in Short Blades
  7970 | D:7      | Noticed Duvessa
  7973 | D:7      | Noticed Dowan
  7977 | D:7      | Killed Duvessa
  7982 | D:7      | Killed Dowan
  8074 | D:7      | Reached skill level 5 in Fighting
  8077 | D:7      | Lost mutation: You sometimes lose the ability to read
                  | scrolls when taking damage. [potion of mutation]
  8077 | D:7      | Lost mutation: Your magical capacity is very low. (-20% MP)
                  | [potion of mutation]
  8077 | D:7      | Lost mutation: Your magical capacity is low. (-10% MP)
                  | [potion of mutation]
  8077 | D:7      | Gained mutation: Your movements are slightly less
                  | encumbered by armour. (ER -2) [potion of mutation]
  8077 | D:7      | Gained mutation: You have very sharp teeth. [potion of
                  | mutation]
  8077 | D:7      | Gained mutation: You have sharp fingernails. [potion of
                  | mutation]
  8175 | D:7      | Noticed a slime creature
  8180 | D:7      | Killed a slime creature
  8469 | D:8      | Reached skill level 7 in Stealth
  8486 | D:8      | Found Tiekla's Weapon Boutique.
  8534 | D:8      | Reached **** piety under Hepliaklqana
  8557 | D:8      | Reached XP level 10. HP: 51/53 MP: 15/15
  8688 | D:8      | Noticed Pikel
  8697 | D:8      | Killed Pikel
  8698 | D:8      | Reached skill level 8 in Stealth
  8837 | D:9      | Reached skill level 9 in Stealth
  8907 | D:9      | Found a staircase to the Lair.
  8907 | D:9      | Noticed a death yak
  8908 | D:9      | Noticed a death yak
  9092 | D:9      | Noticed Maggie
  9100 | D:9      | Killed Maggie
  9380 | D:9      | Noticed a death yak
  9404 | D:10     | Entered Level 10 of the Dungeon
  9474 | D:10     | Reached skill level 1 in Armour
  9620 | D:10     | Reached XP level 11. HP: 56/56 MP: 16/16
  9660 | D:10     | Reached skill level 5 in Short Blades
 10037 | D:11     | Noticed a manticore
 10044 | D:11     | Killed a manticore
 10085 | D:11     | Noticed an eight-headed hydra
 10089 | D:11     | Noticed Grum
 10089 | D:11     | Noticed a two-headed ogre
 10107 | D:11     | Killed Grum
 10109 | D:11     | Noticed a five-headed hydra
 10115 | D:11     | Killed a two-headed ogre
 10208 | D:11     | Reached skill level 10 in Stealth
 10244 | D:11     | Killed an eight-headed hydra
 10244 | D:11     | Killed by an exploding eight-headed hydra... ignited by
                  | their inner flame

Illustrated notes

Levels and vault maps discovered:
D:1:      dpeg_arrival_tiny_c, layout_basic
D:2:      layout_loops_ring, serial_shops, shop_statue,
          minmay_shallow_snake_nest
D:3:      kb_forest_paths, layout_loops_ring, gammafunk_ghost_mausoleum,
          minmay_pentomino_pile
D:4:      minmay_recursive_quarters, layout_loops_corners,
          minmay_temple_entry_trees, uniq_blork_the_orc, uniq_eustachio,
          uniq_pargi
D:5:      layout_rooms, uniq_crazy_yiuf_cottage
D:6:      layout_basic, trog_book, portal_sewer_entry_e
D:7:      layout_gridville, enter_bailey_1, minmay_quadrilaterals, uniq_duvessa
D:8:      layout_cave_pools, serial_shops, nicolae_shop_statue_plus, uniq_pikel
D:9:      layout_roguey, dpeg_lair_monsters, david_orc_2, special_room
          [special_room_orc], uniq_maggie
D:10:     layout_rooms
D:11:     layout_gridville, gammafunk_ghost_abyssal_escape, uniq_psyche,
          uniq_josephine, uniq_maurice, uniq_grum
Temple:   kilobyte_greek_temple

Skill      XL: |  1  2  3  4  5  6  7  8  9 10 11 |
---------------+----------------------------------+-----
Stealth        | 2 3 4 5 7 9 10 | 10.0
Dodging        | 3 4 5 6 8 |  8.7
Fighting       | 3 4 5 |  5.9
Crossbows      | 6 7 8 9 |  9.7
Invocations    | 4 6 7 |  7.8
Evocations     | 4 5 7 |  7.0
Short Blades   | 4 5 |  5.9
Armour         | 3 |  3.0

Action                   |  1- 3 |  4- 6 |  7- 9 | 10-12 || total
-------------------------+-------+-------+-------+-------++-------
Melee: Dagger            |       |       |     4 |       ||     4
       Short sword       |       |       |    10 |    55 ||    65
       Bite              |       |       |       |     7 ||     7
       Punch             |       |       |       |     2 ||     2
 Fire: Hand crossbow     |    82 |   162 |   257 |   111 ||   612
Throw: Dart              |       |       |    11 |       ||    11
Invok: Ancestor Life: Kn |       |       |     1 |       ||     1
       Ancestor Identity |       |       |     1 |       ||     1
       Recall Ancestor   |       |       |       |     3 ||     3
       Transference      |       |       |       |     1 ||     1
Evoke: Wand              |       |       |       |     7 ||     7
  Use: Potion            |       |     3 |     8 |     3 ||    14
       Scroll            |       |     4 |     5 |    12 ||    21
 Stab: Invisible         |       |       |     2 |       ||     2
       Paralysed         |       |       |       |     1 ||     1
Armor: Leather armour    |     3 |    29 |    15 |       ||    47
       Troll leather arm |       |       |    40 |    32 ||    72
Dodge: Dodged            |    26 |    79 |   190 |   184 ||   479

Table legend: (Time is in decaauts)
 A = Elapsed time spent in this place.
 B = Non-inter-level travel time spent in this place.
 C = Inter-level travel time spent in this place.
 D = Time resting spent in this place.
 E = Time spent auto-exploring this place.
 F = Levels seen in this place.
 G = Mean time per level.
                   A        B        C        D        E       F      G
               +--------+--------+--------+--------+--------+-----+--------+
         Total |  10368 |   9940 |    428 |    462 |   7529 |  13 |  797.5 |
       Dungeon |   9824 |   9466 |    358 |    462 |   7166 |  11 |  893.1 |
        Temple |    326 |    256 |     70 |      0 |    199 |   1 |  326.0 |
         Sewer |    217 |    217 |      0 |      0 |    164 |   1 |  217.0 |
               +--------+--------+--------+--------+--------+-----+--------+

Top non-repeatable levels by time:
     D:4: 1732 daAuts
     D:2: 1322 daAuts
     D:6: 1204 daAuts
     D:1: 1149 daAuts
     D:7: 916 daAuts
     D:3: 910 daAuts
     D:5: 730 daAuts
    D:10: 600 daAuts
     D:8: 594 daAuts
     D:9: 418 daAuts
  Temple: 326 daAuts
    D:11: 245 daAuts
   Sewer: 217 daAuts
